[ AOE2 MATCH · #484666475 ]
UnrankedBohemians vs Saracens
[ REPLAY ANALYSIS · EXTRACTED FROM THE RECORDED GAME ]
Feudal
—
Castle
—
Imperial
—
| APM avg | 46.6 |
| APM peak | 102 |
| eAPM avg | 25.5 |
| Villagers / military | 50 / 9 |
Focus
⚔️ 18.0% · 🌾 82.0%
Militia ×9
Feudal
9:47
Castle
18:24
Imperial
—
| APM avg | 20.0 |
| APM peak | 39 |
| eAPM avg | 11.9 |
| Villagers / military | 74 / 37 |
Focus
⚔️ 18.7% · 🌾 81.3%
Knight ×23 · Camel Scout ×14
Feudal
12:03
Castle
16:12
Imperial
—
| APM avg | 26.0 |
| APM peak | 46 |
| eAPM avg | 16.2 |
| Villagers / military | 62 / 24 |
Focus
⚔️ 25.9% · 🌾 74.1%
Longbowman ×21 · Battering Ram ×3
Feudal
—
Castle
—
Imperial
—
| APM avg | 49.2 |
| APM peak | 167 |
| eAPM avg | 25.1 |
| Villagers / military | 32 / 0 |
Focus
⚔️ 30.3% · 🌾 69.7%
Feudal
11:28
Castle
27:25
Imperial
—
| APM avg | 9.9 |
| APM peak | 27 |
| eAPM avg | 7.6 |
| Villagers / military | 51 / 51 |
Focus
⚔️ 33.5% · 🌾 66.5%
Scout Cavalry ×34 · Archer ×17
Feudal
11:24
Castle
15:38
Imperial
—
| APM avg | 25.0 |
| APM peak | 56 |
| eAPM avg | 10.7 |
| Villagers / military | 41 / 10 |
Focus
⚔️ 24.0% · 🌾 76.0%
Chu Ko Nu ×10
Match map
Initial resources + every placement click. Lines = walls · curves = elevation contours. ◆ gold · ⬟ stone · ● berries · ✦ relic · ◌ wall gap
Your base· ✓ Closed at 28:44 · 3t walls · 9 gate(s)
KillerINSTIC's base· ✓ Closed at 18:24 · 0t walls · 3 gate(s)
LRNI_robotech's base· ✓ Closed at 16:12 · 0t walls · 3 gate(s)
Berenjena's base· ✓ Closed at 12:00 · 3t walls · 2 gate(s)
kinhonor83's base· ✓ Closed at 27:25 · 0t walls · 3 gate(s)
ELWARD's base· ✓ Closed at 15:38 · 0t walls · 2 gate(s)
Smoothed initial terrain · ◌ = detected wall gap · hover for details
Inputs per minute
— LRNI MarinM - - KillerINSTIC
Build order — LRNI MarinM
134 actions detected in the replay
| 0:01 | Create | Villager (Male) |
| 0:02 | Create | Villager (Male) |
| 0:02 | Create | Villager (Male) |
| 0:02 | Create | Villager (Male) |
| 0:03 | Build | House |
| 0:05 | Build | House |
| 1:33 | Create | Villager (Male) |
| 1:44 | Build | Lumber Camp |
| 1:53 | Create | Villager (Male) |
| 2:30 | Create | Villager (Male) |
| 2:30 | Create | Villager (Male) |
| 2:54 | Create | Villager (Male) |
| 2:54 | Create | Villager (Male) |
| 3:08 | Create | Villager (Male) |
| 3:09 | Create | Villager (Male) |
| 3:24 | Build | House |
| 3:50 | Create | Villager (Male) |
| 3:50 | Create | Villager (Male) |
| 3:51 | Create | Villager (Male) |
| 4:01 | Build | Mill |
| 4:49 | Create | Villager (Male) |
| 4:50 | Create | Villager (Male) |
| 4:50 | Create | Villager (Male) |
| 5:09 | Create | Villager (Male) |
| 5:10 | Create | Villager (Male) |
| 5:29 | Build | House |
| 6:15 | Create | Villager (Male) |
| 6:16 | Create | Villager (Male) |
| 6:16 | Create | Villager (Male) |
| 6:35 | Build | Palisade Gate |
| 7:06 | Create | Villager (Male) |
| 7:38 | Create | Villager (Male) |
| 7:44 | Create | Villager (Male) |
| 7:55 | Build | Barracks |
| 8:15 | Create | Villager (Male) |
| 8:29 | Create | Villager (Male) |
| 8:30 | Create | Villager (Male) |
| 9:23 | Build | House |
| 9:38 | Research | Loom |
| 9:39 | Research | Loom |
| 9:45 | Create | Militia |
| 9:45 | Create | Militia |
| 9:45 | Create | Militia |
| 9:48 | Build | Mining Camp |
| 10:08 | Create | Villager (Male) |
| 10:21 | Build | Palisade Wall |
| 10:23 | Build | Palisade Wall |
| 10:42 | Build | Palisade Wall |
| 10:57 | Create | Villager (Male) |
| 10:57 | Create | Villager (Male) |
| 11:00 | Build | House |
| 11:10 | Build | Palisade Gate |
| 11:13 | Build | Palisade Gate |
| 11:25 | Build | Palisade Gate |
| 11:31 | Create | Villager (Male) |
| 11:32 | Create | Villager (Male) |
| 11:40 | Build | Palisade Gate |
| 11:53 | Create | Villager (Male) |
| 11:55 | Build | House |
| 11:57 | Create | Villager (Male) |
| 12:14 | Build | Palisade Gate |
| 12:21 | Build | Palisade Gate |
| 13:11 | Build | Lumber Camp |
| 13:16 | Create | Militia |
| 13:16 | Create | Militia |
| 13:16 | Create | Militia |
| 13:32 | Create | Villager (Male) |
| 15:18 | Create | Militia |
| 15:18 | Create | Militia |
| 15:18 | Create | Militia |
| 16:08 | Build | House |
| 16:12 | Build | House |
| 16:42 | Build | Palisade Gate |
| 17:08 | Build | Palisade Gate |
| 20:07 | Build | Town Center |
| 21:05 | Build | Farm |
| 21:06 | Build | Farm |
| 21:06 | Build | Farm |
| 21:06 | Build | Farm |
| 21:06 | Build | Farm |
| 21:07 | Build | Farm |
| 21:24 | Build | Farm |
| 21:28 | Build | Farm |
| 21:41 | Build | Mill |
| 22:14 | Create | Villager (Male) |
| 22:14 | Create | Villager (Male) |
| 22:20 | Build | Farm |
| 22:23 | Build | Farm |
| 22:26 | Build | Farm |
| 22:40 | Build | Mining Camp |
| 22:54 | Create | Villager (Male) |
| 23:21 | Research | Feudal Age |
| 23:25 | Build | Farm |
| 23:25 | Build | Farm |
| 24:27 | Create | Villager (Male) |
| 25:11 | Build | Farm |
| 25:11 | Build | Farm |
| 25:12 | Build | Farm |
| 25:13 | Build | Farm |
| 25:39 | Build | Farm |
| 25:39 | Build | Farm |
| 25:47 | Build | Blacksmith |
| 25:50 | Build | Market |
| 26:00 | Create | Villager (Male) |
| 26:27 | Research | Man-at-Arms (upgrade) |
| 26:37 | Research | Scale Mail Armor |
| 26:40 | Build | Farm |
| 26:40 | Create | Villager (Male) |
| 26:42 | Research | Double-Bit Axe |
| 26:42 | Research | Double-Bit Axe |
| 26:43 | Research | Horse Collar |
| 26:44 | Research | Horse Collar |
| 26:48 | Build | Farm |
| 26:49 | Build | Farm |
| 26:49 | Build | Farm |
| 26:52 | Build | Farm |
| 26:53 | Create | Villager (Male) |
| 26:53 | Create | Villager (Male) |
| 27:24 | Build | Farm |
| 27:43 | Create | Villager (Male) |
| 27:57 | Build | Farm |
| 27:57 | Build | Farm |
| 28:00 | Create | Villager (Male) |
| 28:44 | Research | Castle Age |
| 28:44 | Research | Castle Age |
| 28:50 | Build | Gate |
| 28:57 | Create | Villager (Male) |
| 29:27 | Build | Watch Tower |
| 29:33 | Create | Villager (Male) |
| 29:35 | Research | Fletching |
| 29:35 | Research | Fletching |
| 29:56 | Build | Watch Tower |
| 29:57 | Create | Villager (Male) |
| 30:05 | Build | Mining Camp |
Build order — KillerINSTIC
First 150 of 178 actions detected
| 0:02 | Create | Villager (Male) |
| 0:02 | Create | Villager (Male) |
| 0:05 | Build | House |
| 0:07 | Build | House |
| 0:38 | Create | Villager (Male) |
| 0:38 | Create | Villager (Male) |
| 1:26 | Create | Villager (Male) |
| 2:05 | Create | Villager (Male) |
| 2:06 | Create | Villager (Male) |
| 2:15 | Build | Lumber Camp |
| 2:32 | Create | Villager (Male) |
| 2:50 | Create | Villager (Male) |
| 3:17 | Create | Villager (Male) |
| 3:26 | Build | House |
| 3:41 | Create | Villager (Male) |
| 4:03 | Create | Villager (Male) |
| 4:35 | Build | Mill |
| 4:37 | Create | Villager (Male) |
| 5:00 | Create | Villager (Male) |
| 5:10 | Create | Villager (Male) |
| 5:11 | Create | Villager (Male) |
| 5:36 | Create | Villager (Male) |
| 6:00 | Build | House |
| 6:22 | Create | Villager (Male) |
| 6:54 | Research | Loom |
| 7:37 | Research | Feudal Age |
| 7:54 | Build | Mill |
| 8:58 | Build | Barracks |
| 9:01 | Create | Villager (Male) |
| 9:47 | Age | Feudal Age |
| 9:49 | Research | Double-Bit Axe |
| 9:51 | Research | Horse Collar |
| 10:04 | Create | Villager (Male) |
| 10:16 | Build | Mining Camp |
| 10:19 | Create | Villager (Male) |
| 10:43 | Create | Villager (Male) |
| 11:10 | Build | Stable |
| 11:12 | Create | Villager (Male) |
| 11:30 | Build | House |
| 11:32 | Research | Town Watch |
| 11:48 | Create | Villager (Male) |
| 12:07 | Create | Villager (Male) |
| 12:10 | Build | House |
| 12:17 | Build | Farm |
| 12:22 | Build | Blacksmith |
| 12:30 | Build | Stable |
| 12:35 | Create | Villager (Male) |
| 12:41 | Build | Blacksmith |
| 13:09 | Build | Mill |
| 13:11 | Create | Villager (Male) |
| 13:21 | Create | Villager (Male) |
| 13:25 | Build | Farm |
| 13:29 | Build | Farm |
| 13:42 | Create | Villager (Male) |
| 13:57 | Build | Farm |
| 14:01 | Build | Farm |
| 14:14 | Build | Farm |
| 14:15 | Build | Farm |
| 14:18 | Create | Villager (Male) |
| 14:47 | Create | Villager (Male) |
| 15:00 | Build | Farm |
| 15:05 | Build | Farm |
| 15:10 | Create | Villager (Male) |
| 15:33 | Build | Farm |
| 15:34 | Build | Farm |
| 15:42 | Research | Castle Age |
| 17:00 | Research | Forging |
| 17:02 | Research | Scale Barding Armor |
| 17:24 | Build | Farm |
| 17:26 | Build | Farm |
| 18:10 | Research | Wheelbarrow |
| 18:24 | Age | Castle Age |
| 18:26 | Create | Villager (Male) |
| 18:30 | Research | Bow Saw |
| 18:32 | Research | Heavy Plow |
| 18:41 | Create | Camel Scout |
| 18:42 | Create | Camel Scout |
| 18:48 | Research | Bloodlines |
| 18:58 | Create | Villager (Male) |
| 19:07 | Build | Town Center |
| 19:14 | Create | Camel Scout |
| 19:14 | Create | Camel Scout |
| 19:23 | Create | Camel Scout |
| 19:40 | Build | House |
| 19:51 | Build | House |
| 19:52 | Build | House |
| 19:54 | Create | Camel Scout ×2 |
| 20:04 | Build | House |
| 20:06 | Build | House |
| 20:10 | Create | Villager (Male) |
| 20:18 | Create | Camel Scout |
| 20:40 | Build | House |
| 20:56 | Create | Knight |
| 21:25 | Create | Camel Scout |
| 21:25 | Create | Camel Scout |
| 21:26 | Create | Villager (Male) |
| 21:27 | Create | Villager (Male) |
| 21:27 | Create | Villager (Male) |
| 21:29 | Create | Villager (Male) |
| 21:29 | Create | Villager (Male) |
| 21:30 | Create | Villager (Male) |
| 21:36 | Build | Town Center |
| 21:39 | Build | House |
| 21:44 | Create | Camel Scout ×2 |
| 22:04 | Create | Camel Scout |
| 22:17 | Create | Camel Scout |
| 22:20 | Create | Villager (Male) |
| 22:20 | Create | Villager (Male) |
| 22:22 | Create | Villager (Male) |
| 22:22 | Create | Villager (Male) |
| 22:49 | Create | Villager (Male) |
| 22:52 | Create | Knight |
| 22:52 | Create | Knight |
| 22:54 | Create | Villager (Male) |
| 23:30 | Create | Knight ×2 |
| 23:30 | Create | Knight ×2 |
| 23:50 | Create | Knight |
| 23:50 | Create | Knight |
| 23:51 | Create | Villager (Male) |
| 23:52 | Create | Villager (Male) |
| 23:52 | Create | Villager (Male) |
| 23:58 | Build | Farm |
| 23:58 | Build | Farm |
| 23:59 | Build | Farm |
| 24:24 | Create | Knight ×2 |
| 24:24 | Create | Knight ×2 |
| 24:25 | Create | Villager (Male) |
| 24:26 | Create | Villager (Male) |
| 24:46 | Research | Husbandry |
| 25:26 | Create | Villager (Male) |
| 25:26 | Create | Villager (Male) |
| 25:33 | Create | Villager (Male) |
| 25:33 | Create | Villager (Male) |
| 26:04 | Build | Market |
| 26:25 | Create | Villager (Male) |
| 26:25 | Create | Villager (Male) |
| 26:27 | Create | Villager (Male) |
| 26:27 | Create | Villager (Male) |
| 26:42 | Build | Lumber Camp |
| 26:44 | Build | Farm |
| 26:44 | Build | Farm |
| 26:44 | Build | Farm |
| 26:45 | Build | Farm |
| 26:45 | Build | Farm |
| 27:11 | Create | Knight |
| 27:11 | Create | Knight |
| 27:21 | Build | Farm |
| 27:26 | Create | Villager (Male) |
| 27:27 | Create | Villager (Male) |
| 27:56 | Create | Villager (Male) |
Build order — LRNI_robotech
149 actions detected in the replay
| 0:02 | Build | House |
| 0:04 | Build | House |
| 0:05 | Create | Villager (Male) |
| 0:06 | Create | Villager (Male) |
| 0:08 | Create | Villager (Male) |
| 0:08 | Create | Villager (Male) |
| 1:20 | Create | Villager (Male) |
| 1:44 | Create | Villager (Male) |
| 1:55 | Build | Lumber Camp |
| 2:05 | Create | Villager (Male) |
| 2:29 | Create | Villager (Male) |
| 2:43 | Create | Villager (Male) |
| 3:07 | Create | Villager (Male) |
| 3:28 | Build | House |
| 3:32 | Create | Villager (Male) |
| 3:38 | Create | Villager (Male) |
| 4:18 | Create | Villager (Male) |
| 4:45 | Build | Mill |
| 4:49 | Create | Villager (Male) |
| 4:50 | Create | Villager (Male) |
| 5:23 | Create | Villager (Male) |
| 6:07 | Create | Villager (Male) |
| 6:08 | Create | Villager (Male) |
| 6:11 | Create | Villager (Male) |
| 6:21 | Create | Villager (Male) |
| 6:43 | Create | Villager (Male) |
| 6:43 | Create | Villager (Male) |
| 7:00 | Build | House |
| 7:35 | Build | Farm |
| 7:40 | Build | Farm |
| 8:01 | Build | Farm |
| 8:10 | Create | Villager (Male) |
| 8:16 | Create | Villager (Male) |
| 8:22 | Build | Farm |
| 9:11 | Create | Villager (Male) |
| 9:15 | Build | Mining Camp |
| 9:33 | Build | Mining Camp |
| 9:41 | Research | Feudal Age |
| 10:39 | Build | Mill |
| 11:26 | Build | House |
| 12:03 | Age | Feudal Age |
| 12:14 | Research | Horse Collar |
| 12:19 | Build | Blacksmith |
| 12:22 | Build | Market |
| 12:27 | Create | Villager (Male) |
| 13:32 | Research | Castle Age |
| 13:40 | Research | Double-Bit Axe |
| 14:40 | Create | Villager (Male) |
| 14:40 | Create | Villager (Male) |
| 15:14 | Build | Mill |
| 15:45 | Create | Villager (Male) |
| 15:47 | Create | Villager (Male) |
| 16:12 | Age | Castle Age |
| 16:15 | Build | Castle |
| 16:19 | Create | Villager (Male) |
| 16:19 | Create | Villager (Male) |
| 16:28 | Build | Palisade Wall |
| 16:31 | Build | Palisade Wall |
| 16:38 | Build | Palisade Wall |
| 16:40 | Build | Palisade Wall |
| 16:42 | Build | Palisade Wall |
| 17:22 | Build | Palisade Wall |
| 17:32 | Build | Palisade Wall |
| 17:49 | Create | Villager (Male) |
| 17:52 | Create | Villager (Male) |
| 17:52 | Create | Villager (Male) |
| 17:53 | Create | Villager (Male) |
| 17:55 | Create | Villager (Male) |
| 17:55 | Create | Villager (Male) |
| 18:03 | Create | Longbowman |
| 18:13 | Build | Siege Workshop |
| 18:29 | Create | Longbowman |
| 18:36 | Create | Battering Ram |
| 19:12 | Create | Battering Ram |
| 19:14 | Create | Villager (Male) |
| 19:14 | Create | Villager (Male) |
| 19:22 | Research | Fletching |
| 19:27 | Create | Longbowman |
| 19:28 | Create | Longbowman |
| 20:03 | Create | Battering Ram |
| 20:06 | Create | Villager (Male) |
| 20:07 | Create | Villager (Male) |
| 20:08 | Create | Villager (Male) |
| 20:24 | Create | Longbowman |
| 20:27 | Create | Villager (Male) |
| 20:30 | Build | House |
| 20:32 | Build | House |
| 20:49 | Build | Palisade Wall |
| 20:51 | Build | Palisade Wall |
| 20:53 | Build | House |
| 20:55 | Build | House |
| 21:19 | Create | Villager (Male) |
| 21:19 | Create | Villager (Male) |
| 21:30 | Research | Loom |
| 21:37 | Research | Loom |
| 21:40 | Create | Villager (Male) |
| 22:05 | Build | Town Center |
| 22:43 | Create | Longbowman |
| 22:44 | Create | Longbowman |
| 22:44 | Create | Longbowman |
| 23:04 | Create | Longbowman |
| 23:04 | Create | Longbowman |
| 23:20 | Create | Villager (Male) |
| 23:46 | Research | Bodkin Arrow |
| 24:21 | Create | Villager (Male) |
| 24:22 | Create | Villager (Male) |
| 24:23 | Create | Villager (Male) |
| 24:25 | Create | Villager (Male) |
| 24:43 | Create | Villager (Male) |
| 24:44 | Create | Villager (Male) |
| 24:45 | Create | Villager (Male) |
| 24:55 | Create | Villager (Male) |
| 24:57 | Create | Villager (Male) |
| 24:57 | Create | Villager (Male) |
| 25:03 | Build | Lumber Camp |
| 25:09 | Create | Villager (Male) |
| 25:22 | Create | Longbowman |
| 25:22 | Create | Longbowman |
| 25:23 | Create | Longbowman |
| 25:23 | Create | Longbowman |
| 25:23 | Create | Longbowman |
| 25:23 | Create | Longbowman |
| 25:24 | Create | Longbowman |
| 25:44 | Create | Longbowman |
| 25:53 | Build | University |
| 26:06 | Build | University |
| 26:19 | Create | Longbowman |
| 26:19 | Create | Longbowman |
| 26:19 | Create | Longbowman |
| 26:49 | Create | Villager (Male) |
| 27:27 | Build | Farm |
| 27:27 | Build | Farm |
| 27:28 | Build | Farm |
| 27:28 | Build | Farm |
| 27:28 | Build | Farm |
| 27:29 | Build | Farm |
| 27:51 | Build | Lumber Camp |
| 27:59 | Build | Mill |
| 28:05 | Build | Farm |
| 28:05 | Build | Farm |
| 28:05 | Build | Farm |
| 28:06 | Build | Farm |
| 28:06 | Build | Farm |
| 28:06 | Build | Farm |
| 28:19 | Research | Ballistics |
| 28:42 | Build | House |
| 29:19 | Build | Farm |
| 29:34 | Create | Villager (Male) |
| 30:06 | Create | Villager (Male) |
Build order — Berenjena
52 actions detected in the replay
| 0:02 | Create | Villager (Male) |
| 0:02 | Create | Villager (Male) |
| 0:02 | Create | Villager (Male) |
| 0:02 | Create | Villager (Male) |
| 0:04 | Build | House |
| 0:05 | Build | House |
| 1:30 | Create | Villager (Male) |
| 1:46 | Build | Lumber Camp |
| 1:52 | Build | Lumber Camp |
| 2:00 | Create | Villager (Male) |
| 2:34 | Create | Villager (Male) |
| 2:34 | Create | Villager (Male) |
| 2:53 | Create | Villager (Male) |
| 3:07 | Create | Villager (Male) |
| 3:08 | Research | Loom |
| 3:11 | Build | House |
| 3:32 | Create | Villager (Male) |
| 4:06 | Create | Villager (Male) |
| 4:06 | Create | Villager (Male) |
| 5:08 | Create | Villager (Male) |
| 5:09 | Create | Villager (Male) |
| 5:09 | Create | Villager (Male) |
| 6:48 | Build | Mill |
| 6:51 | Create | Villager (Male) |
| 6:52 | Create | Villager (Male) |
| 8:24 | Build | Town Center |
| 8:34 | Build | Town Center |
| 9:14 | Create | Villager (Male) |
| 9:14 | Create | Villager (Male) |
| 9:14 | Create | Villager (Male) |
| 9:25 | Create | Villager (Male) |
| 9:44 | Build | House |
| 10:06 | Create | Villager (Male) |
| 10:06 | Create | Villager (Male) |
| 10:41 | Create | Villager (Male) |
| 10:41 | Create | Villager (Male) |
| 11:14 | Create | Villager (Male) |
| 11:14 | Create | Villager (Male) |
| 11:50 | Build | Palisade Wall |
| 11:53 | Build | Palisade Wall |
| 11:57 | Build | Palisade Wall |
| 12:01 | Build | Palisade Wall |
| 12:07 | Create | Villager (Male) |
| 12:07 | Create | Villager (Male) |
| 13:16 | Create | Villager (Male) |
| 13:16 | Create | Villager (Male) |
| 13:40 | Build | House |
| 14:59 | Build | Town Center |
| 15:38 | Build | Palisade Gate |
| 15:50 | Build | Town Center |
| 16:12 | Build | Town Center |
| 16:26 | Build | Town Center |
Build order — kinhonor83
First 150 of 157 actions detected
| 0:08 | Build | House |
| 0:22 | Build | House |
| 0:28 | Build | House |
| 0:32 | Create | Villager (Male) |
| 0:32 | Create | Villager (Male) |
| 0:32 | Create | Villager (Male) |
| 0:33 | Create | Villager (Male) |
| 0:33 | Create | Villager (Male) |
| 0:33 | Create | Villager (Male) |
| 0:33 | Create | Villager (Male) |
| 2:07 | Create | Villager (Male) |
| 2:57 | Create | Villager (Male) |
| 3:06 | Build | Lumber Camp |
| 3:36 | Create | Villager (Male) |
| 3:37 | Create | Villager (Male) |
| 3:37 | Create | Villager (Male) |
| 3:37 | Create | Villager (Male) |
| 4:14 | Create | Villager (Male) |
| 4:38 | Create | Villager (Male) |
| 4:38 | Create | Villager (Male) |
| 4:38 | Create | Villager (Male) |
| 5:18 | Build | Mill |
| 5:49 | Build | House |
| 6:03 | Research | Loom |
| 6:15 | Create | Villager (Male) |
| 6:16 | Create | Villager (Male) |
| 9:24 | Research | Feudal Age |
| 9:52 | Build | Barracks |
| 10:47 | Build | House |
| 10:49 | Build | House |
| 10:55 | Build | House |
| 10:56 | Build | House |
| 11:28 | Age | Feudal Age |
| 11:32 | Research | Double-Bit Axe |
| 11:42 | Create | Villager (Male) |
| 11:43 | Create | Villager (Male) |
| 11:43 | Create | Villager (Male) |
| 11:43 | Create | Villager (Male) |
| 11:43 | Create | Villager (Male) |
| 11:43 | Create | Villager (Male) |
| 11:43 | Create | Villager (Male) |
| 11:44 | Create | Villager (Male) |
| 12:06 | Build | Stable |
| 13:02 | Create | Scout Cavalry |
| 13:02 | Create | Scout Cavalry |
| 13:03 | Create | Scout Cavalry |
| 13:03 | Create | Scout Cavalry |
| 13:03 | Create | Scout Cavalry |
| 13:30 | Build | Farm |
| 13:32 | Build | Farm |
| 13:33 | Build | Farm |
| 13:35 | Build | Farm |
| 13:36 | Build | Farm |
| 13:38 | Build | Farm |
| 13:42 | Build | Farm |
| 14:10 | Build | Farm |
| 14:32 | Create | Scout Cavalry |
| 14:32 | Create | Scout Cavalry |
| 14:40 | Build | Farm |
| 14:50 | Build | Farm |
| 14:58 | Build | Farm |
| 15:06 | Build | Farm |
| 15:23 | Research | Wheelbarrow |
| 16:09 | Create | Scout Cavalry |
| 16:09 | Create | Scout Cavalry |
| 16:10 | Create | Scout Cavalry |
| 16:33 | Build | Blacksmith |
| 16:41 | Create | Villager (Male) |
| 16:41 | Create | Villager (Male) |
| 16:41 | Create | Villager (Male) |
| 16:49 | Create | Villager (Male) |
| 16:50 | Create | Villager (Male) |
| 17:26 | Create | Scout Cavalry |
| 17:26 | Create | Scout Cavalry |
| 17:26 | Create | Scout Cavalry |
| 17:38 | Build | Farm |
| 17:39 | Build | Farm |
| 18:04 | Build | House |
| 18:07 | Build | House |
| 18:10 | Build | House |
| 18:17 | Research | Scale Barding Armor |
| 18:26 | Build | Farm |
| 18:27 | Build | Farm |
| 18:42 | Create | Villager (Male) |
| 18:53 | Create | Villager (Male) |
| 19:02 | Create | Scout Cavalry |
| 19:02 | Create | Scout Cavalry |
| 19:02 | Create | Scout Cavalry |
| 19:02 | Create | Scout Cavalry |
| 19:02 | Create | Scout Cavalry |
| 19:19 | Build | Farm |
| 19:27 | Build | Farm |
| 19:36 | Build | Farm |
| 19:52 | Research | Forging |
| 20:54 | Create | Villager (Male) |
| 20:55 | Create | Villager (Male) |
| 20:56 | Create | Villager (Male) |
| 20:56 | Create | Villager (Male) |
| 20:56 | Create | Villager (Male) |
| 20:57 | Create | Villager (Male) |
| 20:58 | Create | Villager (Male) |
| 22:05 | Build | Mining Camp |
| 22:08 | Create | Scout Cavalry |
| 22:08 | Create | Scout Cavalry |
| 22:09 | Create | Scout Cavalry |
| 22:09 | Create | Scout Cavalry |
| 22:09 | Create | Scout Cavalry |
| 22:09 | Create | Scout Cavalry |
| 22:10 | Create | Scout Cavalry |
| 22:11 | Create | Scout Cavalry |
| 22:11 | Create | Scout Cavalry |
| 22:11 | Create | Scout Cavalry |
| 22:50 | Research | Gold Mining |
| 23:39 | Build | Archery Range |
| 23:41 | Build | Archery Range |
| 25:00 | Research | Castle Age |
| 26:22 | Create | Archer |
| 26:23 | Create | Archer |
| 26:23 | Create | Archer |
| 26:23 | Create | Archer |
| 26:23 | Create | Archer |
| 26:24 | Create | Archer |
| 26:24 | Create | Archer |
| 26:40 | Research | Padded Archer Armor |
| 26:41 | Research | Fletching |
| 26:49 | Create | Scout Cavalry |
| 26:50 | Create | Scout Cavalry |
| 26:50 | Create | Scout Cavalry |
| 26:50 | Create | Scout Cavalry |
| 26:50 | Create | Scout Cavalry |
| 26:50 | Create | Scout Cavalry |
| 27:25 | Age | Castle Age |
| 28:29 | Research | Bow Saw |
| 28:33 | Create | Villager (Male) |
| 28:34 | Create | Villager (Male) |
| 28:34 | Create | Villager (Male) |
| 28:34 | Create | Villager (Male) |
| 28:34 | Create | Villager (Male) |
| 28:34 | Create | Villager (Male) |
| 28:35 | Create | Villager (Male) |
| 28:35 | Create | Villager (Male) |
| 28:35 | Create | Villager (Male) |
| 28:36 | Create | Villager (Male) |
| 28:47 | Research | Crossbowman (upgrade) |
| 28:56 | Create | Archer |
| 28:56 | Create | Archer |
| 28:56 | Create | Archer |
| 28:56 | Create | Archer |
| 29:01 | Create | Archer |
| 29:01 | Create | Archer |
Build order — ELWARD
85 actions detected in the replay
| 0:03 | Research | Loom |
| 0:42 | Create | Villager (Male) |
| 1:19 | Create | Villager (Male) |
| 1:42 | Create | Villager (Male) |
| 2:08 | Create | Villager (Male) |
| 2:33 | Create | Villager (Male) |
| 2:33 | Create | Villager (Male) |
| 3:08 | Build | Lumber Camp |
| 3:24 | Create | Villager (Male) ×2 |
| 3:34 | Build | House |
| 3:35 | Build | House |
| 4:13 | Create | Villager (Male) ×3 |
| 4:40 | Build | House |
| 5:05 | Build | House |
| 5:22 | Create | Villager (Male) ×5 |
| 7:00 | Create | Villager (Male) |
| 7:00 | Create | Villager (Male) |
| 7:00 | Create | Villager (Male) |
| 7:01 | Create | Villager (Male) |
| 7:18 | Build | Mining Camp |
| 8:10 | Research | Feudal Age |
| 8:33 | Build | Mining Camp |
| 9:55 | Build | Mill |
| 10:51 | Build | Farm |
| 10:55 | Build | Farm |
| 11:05 | Build | Farm |
| 11:16 | Build | Farm |
| 11:24 | Age | Feudal Age |
| 11:27 | Build | Market |
| 11:43 | Build | Blacksmith |
| 12:58 | Research | Castle Age |
| 13:27 | Research | Double-Bit Axe |
| 13:46 | Research | Horse Collar |
| 15:38 | Age | Castle Age |
| 15:41 | Create | Villager (Male) ×5 |
| 15:51 | Research | Bow Saw |
| 15:53 | Research | Heavy Plow |
| 17:43 | Build | Gate |
| 17:45 | Create | Villager (Male) ×3 |
| 17:53 | Build | Castle |
| 18:11 | Build | Mining Camp |
| 18:15 | Build | Stone Wall |
| 18:26 | Create | Villager (Male) |
| 18:36 | Build | Gate |
| 18:53 | Create | Villager (Male) |
| 19:03 | Build | Stone Wall |
| 19:07 | Build | Stone Wall |
| 19:17 | Create | Chu Ko Nu ×5 |
| 19:37 | Build | Stone Wall |
| 20:12 | Create | Villager (Male) ×2 |
| 20:23 | Build | Stone Wall |
| 20:30 | Create | Villager (Male) |
| 20:48 | Create | Chu Ko Nu ×5 |
| 21:12 | Research | Great Wall |
| 21:25 | Build | Farm |
| 21:27 | Build | Town Center |
| 21:32 | Create | Villager (Male) ×2 |
| 21:36 | Build | Farm |
| 21:38 | Build | Farm |
| 21:39 | Build | Farm |
| 21:41 | Build | Farm |
| 21:42 | Build | Farm |
| 21:43 | Build | Farm |
| 21:50 | Build | Farm |
| 21:51 | Build | Farm |
| 21:53 | Build | Farm |
| 22:01 | Create | Villager (Male) |
| 22:34 | Build | Mining Camp |
| 23:31 | Create | Villager (Male) ×3 |
| 23:34 | Build | Lumber Camp |
| 23:54 | Build | Mining Camp |
| 24:22 | Research | Fletching |
| 24:56 | Build | Farm |
| 24:59 | Build | Farm |
| 25:00 | Build | Farm |
| 25:06 | Build | Farm |
| 26:00 | Build | Market |
| 26:32 | Build | Castle |
| 26:44 | Build | House |
| 26:47 | Build | Stone Wall |
| 28:17 | Build | Farm |
| 28:19 | Build | Farm |
| 28:21 | Research | Imperial Age |
| 28:44 | Create | Villager (Male) ×2 |
| 29:16 | Build | Barracks |
Match timeline
| 7:55 | LRNI MarinM · first_building Barracks |
| 8:58 | KillerINSTIC · first_building Barracks |
| 9:47 | KillerINSTIC · age_up feudal |
| 9:52 | kinhonor83 · first_building Barracks |
| 10:21 | LRNI MarinM · wall_segment Palisade Wall x1 |
| 10:23 | LRNI MarinM · wall_segment Palisade Wall x1 |
| 10:42 | LRNI MarinM · wall_segment Palisade Wall x1 |
| 11:10 | KillerINSTIC · first_building Stable |
| 11:24 | ELWARD · age_up feudal |
| 11:28 | kinhonor83 · age_up feudal |
| 11:50 | Berenjena · wall_segment Palisade Wall x1 |
| 11:53 | Berenjena · wall_segment Palisade Wall x1 |
| 11:57 | Berenjena · wall_segment Palisade Wall x1 |
| 12:01 | Berenjena · wall_segment Palisade Wall x1 |
| 12:03 | LRNI_robotech · age_up feudal |
| 12:06 | kinhonor83 · first_building Stable |
| 15:38 | ELWARD · age_up castle |
| 16:12 | LRNI_robotech · age_up castle |
| 16:15 | LRNI_robotech · first_building Castle |
| 16:28 | LRNI_robotech · wall_segment Palisade Wall x1 |
| 16:31 | LRNI_robotech · wall_segment Palisade Wall x1 |
| 16:38 | LRNI_robotech · wall_segment Palisade Wall x1 |
| 16:40 | LRNI_robotech · wall_segment Palisade Wall x1 |
| 16:42 | LRNI_robotech · wall_segment Palisade Wall x1 |
| 17:22 | LRNI_robotech · wall_segment Palisade Wall x1 |
| 17:24 | Berenjena · resign |
| 17:32 | LRNI_robotech · wall_segment Palisade Wall x1 |
| 17:53 | ELWARD · first_building Castle |
| 18:13 | LRNI_robotech · first_building Siege Workshop |
| 18:15 | ELWARD · wall_segment Stone Wall x1 |
| 18:24 | KillerINSTIC · age_up castle |
| 19:03 | ELWARD · wall_segment Stone Wall x8 |
| 19:07 | ELWARD · wall_segment Stone Wall x7 |
| 19:37 | ELWARD · wall_segment Stone Wall x5 |
| 20:23 | ELWARD · wall_segment Stone Wall x7 |
| 20:49 | LRNI_robotech · wall_segment Palisade Wall x1 |
| 20:51 | LRNI_robotech · wall_segment Palisade Wall x1 |
| 23:39 | kinhonor83 · first_building Archery Range |
| 26:47 | ELWARD · wall_segment Stone Wall x1 |
| 27:25 | kinhonor83 · age_up castle |
| 28:25 | LRNI MarinM · first_market_buy 100 food |
| 28:42 | LRNI MarinM · first_market_sell 100 wood |
| 29:16 | ELWARD · first_building Barracks |
| 29:18 | KillerINSTIC · first_market_buy 100 food |
| 29:48 | KillerINSTIC · first_building Siege Workshop |
[ AI ANALYSIS · 1 CREDIT ]
What really happened in this match?
Wolo.gg analyzes every decision: build order, eco, micro, common mistakes by bracket. Personalized analysis on WhatsApp or Discord in 30 seconds.
Civ guide
Bohemians
Perfil
Jugador #734028